 Dungeon Crawl Stone Soup version 0.28-a0-1447-ga5a8893891 (webtiles) character file.

Game seed: 10764505684924299956

38 testman the Magician (level 3, -5/28 HPs)
             Began as a Djinni Fire Elementalist on Jan 10, 2022.
             Was a Believer of Elyvilon.
             Slain by an orc (8 damage)
             ... on level 2 of the Dungeon.
             The game lasted 00:13:46 (2222 turns).

testman the Magician (Djinni Fire Elementalist)     Turns: 2222, Time: 00:13:47

Health: -5/28      AC:  2    Str:  7    XL:     3   Next: 65%
Gold:   68         EV: 12    Int: 18    God:    Elyvilon [**....] SH:  0 Dex: 13

rFire   + + .      SeeInvis .   g - +1 whip (flame)
rCold   x . .      Faith    .   (no shield)
rNeg    . . .      Spirit   .   a - +0 robe
rPois   ∞          Reflect  .   (no helmet)
rElec   .          Harm     .   (no cloak)
rCorr   .          Rampage  .   (no gloves)
Will    .....                   (boots unavailable)
Stlth   ++........              (no amulet)
HPRegen 0.09/turn               (no ring)
MPRegen 0.00/turn               (no ring)

@: flying
A: sickness immunity, fire resistance 2, cold vulnerability 1, float, innate
caster, hp casting, extra vitality 1
a: Renounce Religion, Purification, Heal Other


You were on level 2 of the Dungeon.
You worshipped Elyvilon.
Elyvilon was pleased with you.
You visited 1 branch of the dungeon, and saw 3 of its levels.

You collected 68 gold pieces.

Inventory:

Hand Weapons
 f - a +0 short sword
 g - a +1 whip of flaming (weapon)
Missiles
 d - 30 stones
 j - 15 arrows
 k - 28 bolts
Armour
 a - a +0 robe (worn)
Scrolls
 b - a scroll of noise {unknown}
 c - 2 scrolls of fog {unknown}
 e - a scroll of fear {unknown}
 h - 2 scrolls of identify {unknown}
 i - a scroll of torment {unknown}


   Skills:
 - Level 2.0 Fighting
 - Level 2.1 Dodging
 - Level 1.5 Stealth
 + Level 3.0 Spellcasting


You couldn't memorise any spells.
You knew the following spells:

 Your Spells              Type           Power      Damage    Failure   Level
a - Foxfire               Conj/Fire      52%        2x1d6     4%          1
b - Scorch                Fire           26%        2d6       7%          2
c - Conjure Flame         Conj/Fire      13%        6-21      14%         3
d - Inner Flame           Hex/Fire       13%        N/A       14%         3
e - Flame Wave            Conj/Fire      13%        2d5       43%         4
f - Pain                  Necr           52%        1d6       4%          1
Your spell library was empty.

Dungeon Overview and Level Annotations

Branches:
Dungeon (3/15)

Altars:
Elyvilon
Sif Muna

Shops:
D:3 [


Innate Abilities, Weirdness & Mutations

You are immune to sickness and miasma.
You are immune to poison.
Your flesh is very heat resistant. (rF++)
You are vulnerable to cold. (rC-)
You float through the air rather than walking.
You learn spells naturally, not from books.
Your magical power is your life essence.
You have superior vitality. (+4 MHP)


Message History

A nearby plant withers and dies.
The orc is no longer more vulnerable to fire.
The foxfire hits the orc.
The orc is lightly wounded.
The foxfire hits the orc but does no damage.
The orc is heavily wounded.
The orc hits you with a +0 falchion. The orc hits you with a +0 hand axe.
* * * LOW HITPOINT WARNING * * *
Press: ? - help, v - describe, . - travel
Here: an orc, wielding a +0 falchion (lightly wounded)
The floor.
The orc barely misses you. The orc hits you with a +0 hand axe.
* * * LOW HITPOINT WARNING * * *
You fly upwards.
There is a stone staircase leading down here.
Casting: Foxfire (safe; 4% risk of failure)
Confirm with . or Enter, or press ? or * to list all spells.
Flames lash the kobold.
You kill the kobold!
* * * LOW HITPOINT WARNING * * *
The orc hits you with a +0 falchion.
* * * LOW HITPOINT WARNING * * *
The orc barely misses you.
Unknown command.
The orc hits you with a +0 hand axe. Elyvilon protects you from harm!
Things that are here:
a +0 whip; a kobold corpse The orc misses you.
Casting: Scorch (safe; 7% risk of failure)
Confirm with . or Enter, or press ? or * to list all spells.
You don't have enough health to cast this spell.
You hit the orc. You burn the orc.
The orc is heavily wounded.
The orc barely misses you.
Your magical contamination has completely faded away.
You closely miss the orc.
The orc is heavily wounded.
The orc hits you with a +0 falchion!
You die...

#.##..###.........# #...# #....#
#.##..# #.......#.###.#.###.##.#
#...#.###.......#..#..#..#..##..
###....##.......##...###...####.
####..#.......##...# #...####.
#....###...###.## ##.###.#.
####..#..#..###############...
#..........####..........#.##.
#.###.##.##..@oo...)>.###..##.
####.# #.##....###.####### #.###.
..)..# #.###...##..# #.###.
.....###..........## ##.#...
..........#####...# ####......
....#.###.# ##..######.......##
.####.##### #.....##....##.###.
###.....#######.###....#.....##..
#..##.##..##........###..#...#...


You could see 2 orcs.

Vanquished Creatures
  An adder (D:2)
  2 endoplasms
  2 giant cockroaches (D:1)
  4 goblins
  4 hobgoblins
  4 kobolds
  A quokka (D:2)
  3 ball pythons
  A bat (D:2)
  2 frilled lizards (D:1)
  A rat (D:2)
25 creatures vanquished.

Vanquished Creatures (others)
  36 foxfires
  2 plants (D:3)
38 creatures vanquished.

Grand Total: 63 creatures vanquished

Notes
Turn   | Place    | Note
-------+----------+-------------------------------------------
     0 | D:1      | testman the Djinni Fire Elementalist began the quest for
                  | the Orb.
     0 | D:1      | Reached XP level 1. HP: 15/15 MP: 0/0
   125 | D:1      | Found a faded altar of an unknown god.
   135 | D:1      | Prayed at the altar of an unknown god.
   135 | D:1      | Became a worshipper of Elyvilon the Healer
   135 | D:1      | Reached * piety under Elyvilon
   612 | D:1      | Reached XP level 2. HP: 21/22 MP: 0/0
   633 | D:1      | Reached skill level 1 in Fighting
  1513 | D:2      | Reached XP level 3. HP: 25/28 MP: 0/0
  1513 | D:2      | Learned a level 1 spell: Pain
  1656 | D:2      | Reached ** piety under Elyvilon
  2109 | D:2      | Reached skill level 3 in Spellcasting
  2205 | D:3      | Found Pujuiteo's Armour Emporium.
  2214 | D:2      | Elyvilon protects you from harm!
  2222 | D:2      | Slain by an orc

Illustrated notes

Levels and vault maps discovered:
D:1:      dpeg_arrival_solitude, layout_loops_ring,
          hellmonk_ecumenical_altar_prayer_group, kennysheep_another_room
D:2:      layout_rooms, basic_altar, serial_curves, eino_curves_03,
          eino_curves_04, eino_curves_03, interstate_on_off,
          minmay_misc_feat_rugged
D:3:      layout_rooms, serial_shops, shop, serial_bayou_lagoon_a

Skill      XL: |  1  2  3 |
---------------+----------+-----
Fighting       | 1 2 |  2.0
Spellcasting   | 3 |  3.0
Dodging        | |  2.1
Stealth        | |  1.5

Action                   || total
-------------------------++-------
Melee: Unarmed           ||    13
       Short sword       ||     7
       Whip              ||    18
 Cast: Foxfire           ||    26
       Scorch            ||     3
 Stab: Sleeping          ||     3
Armor: Robe              ||     9
Dodge: Dodged            ||    23

Table legend: (Time is in decaauts)
 A = Elapsed time spent in this place.
 B = Non-inter-level travel time spent in this place.
 C = Inter-level travel time spent in this place.
 D = Time resting spent in this place.
 E = Time spent auto-exploring this place.
 F = Levels seen in this place.
 G = Mean time per level.
                   A        B        C        D        E       F      G
               +--------+--------+--------+--------+--------+-----+--------+
         Total |   2223 |   2106 |    117 |    588 |   1277 |   3 |  741.0 |
       Dungeon |   2223 |   2106 |    117 |    588 |   1277 |   3 |  741.0 |
               +--------+--------+--------+--------+--------+-----+--------+

Top non-repeatable levels by time:
     D:1: 1483 daAuts
     D:2: 732 daAuts
     D:3: 6 daAuts
